Flames vs Maple Leafs

Created - 6 décembre 2017 at 15:55

Goals
1 2 3 T
Flames 1 4 0 5
Maple Leafs 1 0 0 1
Shots
1 2 3 T
Flames 6 16 12 34
Maple Leafs 9 13 6 28

1st period

1. Flames , Kris Letang 4 (Mike Green 17, Evgeni Malkin 11) at 10:55 (PP)
2. Maple Leafs , Michael Grabner 10 (Roman Josi 13, Brandon Rogers 11) at 11:11

Penalties :
Nazem Kadri (TOR) for Hooking (Minor) at 10:25, Evgeni Malkin (CGY) for Interference (Minor) at 11:18, Kris Letang (CGY) for Tripping (Minor) at 15:34

2nd period

3. Flames , Aleksander Barkov 8 (Joe Pavelski 16, Oliver Ekman-Larsson 10) at 7:34
4. Flames , Alex Pietrangelo 2 (Evgeni Malkin 12) at 11:51 (PP)
5. Flames , Patrik Laine 4 (Evgeni Malkin 13, Mike Green 18) at 12:20
6. Flames , Mark Scheifele 5 (Patrik Laine 6, Michael Wall) at 13:04 (PP)

Penalties :
Michael Del Zotto (TOR) for Hooking (Minor) at 11:47, Brandon Rogers (TOR) for Tripping (Minor) at 12:39, Kevin Bieksa (TOR) for Hooking (Minor) at 19:45

3rd period

No Goal

Penalties :
Shawn Weller (TOR) for Tripping (Minor) at 5:37

Goalie Stats

Michael Wall (CGY), 27 saves from 28 shots - (0,964), W, 2-0-0, 60:00 minutes
Robert Esche (TOR), 29 saves from 34 shots - (0,853), L, 5-3-1, 60:00 minutes

Players Stats for Flames

Player Name              G  A  P  +/- PIM S  H  SB GA TA FO     MP     PP MP  PK MP  
------------------------------------------------------------------------------------
Adam Larsson             0  0  0  -1  0   1  5  0  0  0  0/0    18:06   0:00   1:55 
Aleksander Barkov        1  0  1   1  0   3  1  0  0  0  10/21  18:37   0:00   2:41 
Alex Pietrangelo         1  0  1   1  0   3  0  1  0  0  0/0    22:16   2:43   2:03 
Alexander Steen          0  0  0  -1  0   5  2  0  0  0  0/1    20:19   2:10   0:00 
Brendan Ranford          0  0  0   0  0   0  0  0  0  0  0/0     0:00   0:00   0:00 
Derek Stepan             0  0  0   1  0   1  1  0  0  0  1/3    19:55   2:10   2:41 
Evgeni Malkin            0  3  3   1  2   2  4  0  0  0  7/7    19:46   2:47   0:00 
Gilbert Brule            0  0  0  -1  0   2  0  0  0  0  1/1    20:18   0:00   1:17 
Jacob Trouba             0  0  0  -1  0   0  1  1  0  0  0/0    18:46   0:00   2:35 
Joe Pavelski             0  1  1   1  0   4  1  1  0  0  0/1    15:56   0:00   0:00 
Jonathan Toews           0  0  0  -1  0   1  1  0  0  0  16/26  21:36   2:10   1:17 
Kris Letang              1  0  1   1  2   6  1  0  0  0  0/0    20:18   2:14   0:41 
Mark Scheifele           1  0  1   1  0   5  0  0  0  0  7/20   19:47   2:47   0:00 
Mike Green               0  2  2   1  0   0  0  1  0  0  0/0    20:20   2:14   0:42 
Oliver Ekman-Larsson     0  1  1   1  0   0  1  0  0  0  0/0    20:13   2:43   0:00 
Patrik Laine             1  1  2   1  0   1  0  0  0  0  0/0    19:47   2:47   0:00 
Tyler Randell            0  0  0   0  0   0  0  0  0  0  0/0     0:00   0:00   0:00 
Wade Megan               0  0  0   0  0   0  0  0  0  0  0/0     0:00   0:00   0:00 

Players Stats for Maple Leafs

Player Name              G  A  P  +/- PIM S  H  SB GA TA FO     MP     PP MP  PK MP  
------------------------------------------------------------------------------------
Brandon Rogers           0  1  1   0  2   0  3  4  0  0  0/0    17:00   0:00   0:12 
Brandon Yip              0  0  0   0  0   2  1  0  0  0  1/2    16:33   2:07   0:00 
Chris Phillips           0  0  0   0  0   1  3  0  0  0  0/0    19:21   0:00   2:32 
Kevin Bieksa             0  0  0  -1  2   1  3  0  0  0  0/0    21:43   2:28   1:49 
Michael Del Zotto        0  0  0   0  2   3  2  1  0  0  0/0    21:57   2:28   2:41 
Michael Grabner          1  0  1  -1  0   5  0  1  0  0  0/4    18:28   2:07   1:26 
Nazem Kadri              0  0  0   0  2   2  1  0  0  0  13/24  19:20   1:51   3:04 
Oleg Kvasha              0  0  0   0  0   2  1  0  0  0  0/0     8:34   0:00   0:36 
Pierre-Marc Bouchard     0  0  0   0  0   1  0  0  0  0  1/3    16:18   1:51   0:41 
Riley Armstrong          0  0  0   0  0   0  0  0  0  0  0/0    15:59   1:51   0:22 
Roman Josi               0  1  1   0  0   2  0  0  0  0  0/0    20:59   1:30   2:40 
Ryan O'Reilly            0  0  0  -1  0   2  0  1  0  0  10/23  17:38   2:07   0:36 
Shawn Weller             0  0  0   0  2   2  1  1  0  0  1/1    16:47   0:00   2:22 
Tanner Pearson           0  0  0   0  0   1  1  0  0  0  1/2     7:58   0:00   0:00 
Tom Walsh                0  0  0  -1  0   2  0  0  0  0  0/0    18:57   1:30   0:00 
Vincent Trocheck         0  0  0   0  0   0  4  1  0  0  6/12   13:46   0:00   0:00 
William Nylander         0  0  0   0  0   2  0  0  0  0  5/9     8:45   0:00   0:47 
Zach Dalpe               0  0  0  -1  0   0  1  0  0  0  0/0    14:55   0:00   0:00 

3 Stars

1 - Evgeni Malkin (CGY)
2 - Patrik Laine (CGY)
3 - Michael Wall (CGY)

Power Play

Flames - 3 on 5 Attempt(s) - 60,00%
Maple Leafs - 0 on 2 Attempt(s) - 0,00%

Penalty Kill

Flames - 2 on 2 Attempt(s) - 100,00% - Score 0 goal in Penalty Kill
Maple Leafs - 2 on 5 Attempt(s) - 40,00% - Score 0 goal in Penalty Kill

Team Stat

Flames - Hits : 18 - Faceoff Wins : 42 - Blocked Shots : 4 - Penalty Minutes : 4
Maple Leafs - Hits : 21 - Faceoff Wins : 38 - Blocked Shots : 9 - Penalty Minutes : 10

Official

Referees : Mike Mullen and Chris Schlenker
Linesman : Chris Millea and Ryan Galloway

Game Notes

No Game Note

Finance

Level 1 -- Attendance: 5418 (83,35%) -- Ticket Income 650 160 $
Level 2 -- Attendance: 4598 (83,60%) -- Ticket Income 344 850 $
Level 3 -- Attendance: 1783 (71,32%) -- Ticket Income 89 150 $
Level 4 -- Attendance: 3589 (79,76%) -- Ticket Income 125 615 $
Luxury Box -- Attendance: 1825 (81,11%) -- Ticket Income 365 000 $
Game was played at the Air Canada Centre.
Total Attendance: 17213 (81,00%)
Total Ticket Income: 1 574 775 $
Other Income: 771 640 $
Total Income: 2 346 415 $

Flames

5 vs 5 Forward 
   Center                   Left Wing                Right Wing               Time % Phy DF OF 
 1 Mark Scheifele           Patrik Laine             Evgeni Malkin            34     0   0  5  
 2 Jonathan Toews           Alexander Steen          Gilbert Brule            34     0   1  4  
 3 Aleksander Barkov        Joe Pavelski             Derek Stepan             32     0   2  3  
 4 Aleksander Barkov        Patrik Laine             Mark Scheifele           0      0   3  2  

5 vs 5 Defense 
   Defense                  Defense                                           Time % Phy DF OF 
 1 Kris Letang              Mike Green                                        34     0   3  2  
 2 Alex Pietrangelo         Oliver Ekman-Larsson                              34     0   3  2  
 3 Jacob Trouba             Adam Larsson                                      32     0   4  1  
 4 Kris Letang              Adam Larsson                                      0      1   2  2  

PowerPlay Forward 
   Center                   Left Wing                Right Wing               Time % Phy DF OF 
 1 Evgeni Malkin            Patrik Laine             Mark Scheifele           50     0   0  5  
 2 Jonathan Toews           Alexander Steen          Derek Stepan             50     0   0  5  

PowerPlay Defense
   Defense                  Defense                                           Time % Phy DF OF 
 1 Mike Green               Kris Letang                                       50     0   2  3  
 2 Oliver Ekman-Larsson     Alex Pietrangelo                                  50     0   2  3  

Penalty Kill 4 Players Forward 
   Center                   Wing                     Time % Phy DF OF 
 1 Aleksander Barkov        Derek Stepan             55     0   4  1  
 2 Jonathan Toews           Gilbert Brule            45     0   4  1  

Penalty Kill 4 Players Defense
   Defense                  Defense                  Time % Phy DF OF 
 1 Adam Larsson             Kris Letang              50     1   4  0  
 2 Alex Pietrangelo         Jacob Trouba             50     1   4  0  

Penalty Kill - 3 Players Forward 
   Forward                                           Time % Phy DF OF 
 1 Jonathan Toews                                    55     0   4  1  
 2 Gilbert Brule                                     45     0   4  1  

Penalty Kill - 3 Players Defense
   Defense                  Defense                  Time % Phy DF OF 
 1 Jacob Trouba             Mike Green               55     1   4  0  
 2 Adam Larsson             Alex Pietrangelo         45     1   4  0  

4 vs 4 Forward 
   Center                   Wing                     Time % Phy DF OF 
 1 Alexander Steen          Evgeni Malkin            50     1   2  2  
 2 Jonathan Toews           Gilbert Brule            50     1   2  2  

4 vs 4 Defense
   Defense                  Defense                  Time % Phy DF OF 
 1 Mike Green               Kris Letang              50     0   2  3  
 2 Alex Pietrangelo         Oliver Ekman-Larsson     50     0   2  3  

Last Minutes Offensive
   Center                   Left Wing                Right Wing               Defense                  Defense                  
   Evgeni Malkin            Joe Pavelski             Gilbert Brule            Alex Pietrangelo         Kris Letang              

Last Minutes Defensive
   Center                   Left Wing                Right Wing               Defense                  Defense                  
   Jonathan Toews           Alexander Steen          Evgeni Malkin            Alex Pietrangelo         Kris Letang              

Goaltenders
Starting : Michael Wall             
Backup : Braden Holtby            

Extra Forwards
Normal : Evgeni Malkin, Jonathan Toews, Gilbert Brule - PP : Joe Pavelski, Jonathan Toews - PK : Alexander Steen
Extra Defensemen
Normal : Adam Larsson, Kris Letang, Mike Green - PP : Jacob Trouba - PK : Jacob Trouba, Mike Green
Penalty Shots
Evgeni Malkin, Gilbert Brule, Joe Pavelski, Jonathan Toews, Alexander Steen
Custom OT Lines Forwards
Jonathan Toews, Evgeni Malkin, Gilbert Brule, Joe Pavelski, Alexander Steen, Derek Stepan, Patrik Laine, Mark Scheifele, Aleksander Barkov, Tyler Randell
Custom OT Lines Defensemen
Adam Larsson, Kris Letang, Oliver Ekman-Larsson, Alex Pietrangelo, Jacob Trouba

Scratches
None

Maple Leafs

5 vs 5 Forward 
   Center                   Left Wing                Right Wing               Time % Phy DF OF 
 1 Ryan O'Reilly            Zach Dalpe               Michael Grabner          29     1   2  2  
 2 Nazem Kadri              Shawn Weller             Brandon Yip              29     1   2  2  
 3 Vincent Trocheck         Pierre-Marc Bouchard     Riley Armstrong          26     1   2  2  
 4 William Nylander         Oleg Kvasha              Tanner Pearson           16     1   3  1  

5 vs 5 Defense 
   Defense                  Defense                                           Time % Phy DF OF 
 1 Kevin Bieksa             Tom Walsh                                         34     1   2  2  
 2 Michael Del Zotto        Chris Phillips                                    33     1   2  2  
 3 Roman Josi               Brandon Rogers                                    33     1   2  2  
 4 Kevin Bieksa             Michael Del Zotto                                 0      1   2  2  

PowerPlay Forward 
   Center                   Left Wing                Right Wing               Time % Phy DF OF 
 1 Ryan O'Reilly            Michael Grabner          Brandon Yip              50     1   0  4  
 2 Pierre-Marc Bouchard     Riley Armstrong          Nazem Kadri              50     1   0  4  

PowerPlay Defense
   Defense                  Defense                                           Time % Phy DF OF 
 1 Michael Del Zotto        Kevin Bieksa                                      50     1   1  3  
 2 Roman Josi               Tom Walsh                                         50     1   1  3  

Penalty Kill 4 Players Forward 
   Center                   Wing                     Time % Phy DF OF 
 1 Nazem Kadri              Shawn Weller             60     1   3  1  
 2 Ryan O'Reilly            Oleg Kvasha              40     1   3  1  

Penalty Kill 4 Players Defense
   Defense                  Defense                  Time % Phy DF OF 
 1 Michael Del Zotto        Kevin Bieksa             50     1   4  0  
 2 Chris Phillips           Roman Josi               50     1   4  0  

Penalty Kill - 3 Players Forward 
   Forward                                           Time % Phy DF OF 
 1 Zach Dalpe                                        60     1   2  2  
 2 William Nylander                                  40     1   2  2  

Penalty Kill - 3 Players Defense
   Defense                  Defense                  Time % Phy DF OF 
 1 Michael Del Zotto        Kevin Bieksa             60     1   2  2  
 2 Roman Josi               Chris Phillips           40     1   2  2  

4 vs 4 Forward 
   Center                   Wing                     Time % Phy DF OF 
 1 Ryan O'Reilly            Michael Grabner          60     1   2  2  
 2 Zach Dalpe               Pierre-Marc Bouchard     40     1   2  2  

4 vs 4 Defense
   Defense                  Defense                  Time % Phy DF OF 
 1 Kevin Bieksa             Michael Del Zotto        50     1   2  2  
 2 Chris Phillips           Roman Josi               50     1   2  2  

Last Minutes Offensive
   Center                   Left Wing                Right Wing               Defense                  Defense                  
   Ryan O'Reilly            Brandon Yip              Michael Grabner          Brandon Rogers           Roman Josi               

Last Minutes Defensive
   Center                   Left Wing                Right Wing               Defense                  Defense                  
   Ryan O'Reilly            Michael Grabner          Pierre-Marc Bouchard     Kevin Bieksa             Michael Del Zotto        

Goaltenders
Starting : Robert Esche             
Backup : Corey Crawford           

Extra Forwards
Normal : Brandon Yip, Michael Grabner, Ryan O'Reilly - PP : Michael Grabner, Brandon Yip - PK : Michael Grabner
Extra Defensemen
Normal : Michael Del Zotto, Kevin Bieksa, Roman Josi - PP : Michael Del Zotto - PK : Chris Phillips, Kevin Bieksa
Penalty Shots
Nazem Kadri, Michael Grabner, Brandon Yip, Ryan O'Reilly, Riley Armstrong
Custom OT Lines Forwards
Pierre-Marc Bouchard, Ryan O'Reilly, Michael Grabner, Riley Armstrong, Shawn Weller, Zach Dalpe, William Nylander, Nazem Kadri, Oleg Kvasha, Brandon Yip
Custom OT Lines Defensemen
Kevin Bieksa, Roman Josi, Chris Phillips, Michael Del Zotto, Tom Walsh

Scratches
None


% Time on Ice - Flames

Lines # - Real PCT - Wanted PCT - Time Play
Normal Forward
1 - 33% - 34% - 17:00
2 - 36% - 34% - 18:09
3 - 31% - 32% - 15:56
4 - 0% - 0% - 0:00
Normal Defense
1 - 34% - 34% - 17:24
2 - 34% - 34% - 17:30
3 - 32% - 32% - 16:11
4 - 0% - 0% - 0:00
PP Forward
1 - 56% - 50% - 2:47
2 - 44% - 50% - 2:10
PP Defense
1 - 45% - 50% - 2:14
2 - 55% - 50% - 2:43
PK Forward
1 - 68% - 55% - 2:41
2 - 32% - 45% - 1:17
PK Defense
1 - 48% - 50% - 1:55
2 - 52% - 50% - 2:03
PK3 Forward
1 - 0% - 55%
2 - 0% - 45%
PK3 Defense
1 - 0% - 55%
2 - 0% - 45%
44 Forward
1 - 0% - 50%
2 - 0% - 50%
44 Defense
1 - 0% - 50%
2 - 0% - 50%
Last Minute Offensive  - 0:00
Last Minute Defensive  - 0:00
Total
Forward - 60:00
Defense - 60:00

% Time on Ice - Maple Leafs

Lines # - Real PCT - Wanted PCT - Time Play
Normal Forward
1 - 29% - 29% - 14:55
2 - 28% - 29% - 14:26
3 - 27% - 26% - 13:46
4 - 16% - 16% - 7:58
Normal Defense
1 - 34% - 34% - 17:27
2 - 33% - 33% - 16:49
3 - 33% - 33% - 16:49
4 - 0% - 0% - 0:00
PP Forward
1 - 53% - 50% - 2:07
2 - 47% - 50% - 1:51
PP Defense
1 - 62% - 50% - 2:28
2 - 38% - 50% - 1:30
PK Forward
1 - 88% - 60% - 4:21
2 - 12% - 40% - 0:36
PK Defense
1 - 64% - 50% - 3:09
2 - 36% - 50% - 1:48
PK3 Forward
1 - 0% - 60%
2 - 0% - 40%
PK3 Defense
1 - 0% - 60%
2 - 0% - 40%
44 Forward
1 - 0% - 60%
2 - 0% - 40%
44 Defense
1 - 0% - 50%
2 - 0% - 50%
Last Minute Offensive  - 0:00
Last Minute Defensive  - 0:00
Total
Forward - 60:00
Defense - 60:00

Play by Play

1st period


0:01 of 1st period - Ryan O'Reilly wins face-off versus Mark Scheifele in neutral zone.
2:00 of 1st period - Icing by Roman Josi.
2:01 of 1st period - Vincent Trocheck wins face-off versus Aleksander Barkov in Maple Leafs zone.
4:19 of 1st period - Icing by Michael Del Zotto.
4:20 of 1st period - Ryan O'Reilly wins face-off versus Aleksander Barkov in Maple Leafs zone.
5:28 of 1st period - Shot by Evgeni Malkin.
5:28 of 1st period - Shot Blocked by Brandon Rogers.
6:32 of 1st period - Kevin Bieksa is hit by Alexander Steen.
6:59 of 1st period - Michael Del Zotto is hit by Adam Larsson and loses puck.
7:14 of 1st period - Oleg Kvasha is hit by Adam Larsson and loses puck.
7:23 of 1st period - Shot by Joe Pavelski.
7:23 of 1st period - Stopped by Robert Esche without a rebound.
7:24 of 1st period - Nazem Kadri wins face-off versus Mark Scheifele in Maple Leafs zone.
7:30 of 1st period - Brandon Rogers is hit by Evgeni Malkin and loses puck.
8:02 of 1st period - Shot by Patrik Laine.
8:02 of 1st period - Shot Misses the Net.
8:04 of 1st period - Shot by Mike Green.
8:04 of 1st period - Shot Blocked by Brandon Rogers.
8:30 of 1st period - Shot by Derek Stepan.
8:30 of 1st period - Shot Blocked by Ryan O'Reilly.
8:52 of 1st period - Shot by Michael Grabner.
8:52 of 1st period - Shot Misses the Net.
9:44 of 1st period - Shot by Vincent Trocheck.
9:44 of 1st period - Shot Misses the Net.
9:59 of 1st period - Icing by Oliver Ekman-Larsson.
10:00 of 1st period - Aleksander Barkov wins face-off versus William Nylander in Flames zone.
10:00 of 1st period - Aleksander Barkov is hit by Oleg Kvasha.
10:16 of 1st period - Shot by William Nylander.
10:16 of 1st period - Shot Blocked by Joe Pavelski.
10:18 of 1st period - Shot by Oleg Kvasha.
10:18 of 1st period - Shot Misses the Net.
10:20 of 1st period - Shot by Oleg Kvasha.
10:20 of 1st period - Stopped by Michael Wall without a rebound.
10:21 of 1st period - Nazem Kadri wins face-off versus Jonathan Toews in Flames zone.
10:25 of 1st period - Minor Penalty to Nazem Kadri for Hooking.
10:26 of 1st period - Evgeni Malkin wins face-off versus Michael Grabner in Maple Leafs zone.
10:31 of 1st period - Shot by Kris Letang.
10:31 of 1st period - Stopped by Robert Esche without a rebound.
10:32 of 1st period - Evgeni Malkin wins face-off versus Michael Grabner in Maple Leafs zone.
10:35 of 1st period - Shot by Mark Scheifele.
10:35 of 1st period - Stopped by Robert Esche without a rebound.
10:36 of 1st period - Evgeni Malkin wins face-off versus Michael Grabner in Maple Leafs zone.
10:51 of 1st period - Shot by Kris Letang.
10:51 of 1st period - Stopped by Robert Esche without a rebound.
10:52 of 1st period - Evgeni Malkin wins face-off versus Michael Grabner in Maple Leafs zone.
10:55 of 1st period - Shot by Kris Letang.
10:55 of 1st period - Goal by Kris Letang - Flames : 1 - Maple Leafs : 0.
10:56 of 1st period - Jonathan Toews wins face-off versus Ryan O'Reilly in neutral zone.
11:11 of 1st period - Shot by Michael Grabner.
11:11 of 1st period - Goal by Michael Grabner - Flames : 1 - Maple Leafs : 1.
11:12 of 1st period - Mark Scheifele wins face-off versus Nazem Kadri in neutral zone.
11:18 of 1st period - Minor Penalty to Evgeni Malkin for Interference.
11:19 of 1st period - Aleksander Barkov wins face-off versus Ryan O'Reilly in Flames zone.
11:25 of 1st period - Icing by Michael Del Zotto.
11:26 of 1st period - Ryan O'Reilly wins face-off versus Aleksander Barkov in Maple Leafs zone.
11:26 of 1st period - Ryan O'Reilly is hit by Aleksander Barkov.
11:37 of 1st period - Shot by Michael Del Zotto.
11:37 of 1st period - Stopped by Michael Wall without a rebound.
11:38 of 1st period - Aleksander Barkov wins face-off versus Pierre-Marc Bouchard in Flames zone.
11:38 of 1st period - Aleksander Barkov is hit by Nazem Kadri.
11:54 of 1st period - Shot by Roman Josi.
11:54 of 1st period - Shot Misses the Net.
12:12 of 1st period - Shot by Tom Walsh.
12:12 of 1st period - Shot Blocked by Alex Pietrangelo.
12:14 of 1st period - Shot by Nazem Kadri.
12:14 of 1st period - Stopped by Michael Wall without a rebound.
12:15 of 1st period - Jonathan Toews wins face-off versus Ryan O'Reilly in Flames zone.
12:41 of 1st period - Icing by Kevin Bieksa.
12:42 of 1st period - Aleksander Barkov wins face-off versus Ryan O'Reilly in Maple Leafs zone.
14:03 of 1st period - Shot by Mike Green.
14:03 of 1st period - Shot Misses the Net.
14:31 of 1st period - Shot by Gilbert Brule.
14:31 of 1st period - Shot Misses the Net.
15:03 of 1st period - Shot by Derek Stepan.
15:03 of 1st period - Shot Misses the Net.
15:05 of 1st period - Shot by Aleksander Barkov.
15:05 of 1st period - Stopped by Robert Esche without a rebound.
15:06 of 1st period - Aleksander Barkov wins face-off versus Ryan O'Reilly in Maple Leafs zone.
15:07 of 1st period - Shot by Joe Pavelski.
15:07 of 1st period - Shot Misses the Net.
15:30 of 1st period - Off-side.
15:31 of 1st period - Nazem Kadri wins face-off versus Mark Scheifele in neutral zone.
15:31 of 1st period - Nazem Kadri is hit by Evgeni Malkin.
15:34 of 1st period - Minor Penalty to Kris Letang for Tripping.
15:35 of 1st period - Pierre-Marc Bouchard wins face-off versus Aleksander Barkov in Flames zone.
16:02 of 1st period - Shot by Kevin Bieksa.
16:02 of 1st period - Stopped by Michael Wall without a rebound.
16:03 of 1st period - Jonathan Toews wins face-off versus Ryan O'Reilly in Flames zone.
16:26 of 1st period - Shot by Michael Grabner.
16:26 of 1st period - Shot Misses the Net.
16:28 of 1st period - Shot by Roman Josi.
16:28 of 1st period - Stopped by Michael Wall without a rebound.
16:29 of 1st period - Jonathan Toews wins face-off versus Pierre-Marc Bouchard in Flames zone.
17:10 of 1st period - Shot by Michael Del Zotto.
17:10 of 1st period - Stopped by Michael Wall without a rebound.
17:11 of 1st period - Aleksander Barkov wins face-off versus Ryan O'Reilly in Flames zone.
17:35 of 1st period - Off-side.
17:36 of 1st period - William Nylander wins face-off versus Mark Scheifele in neutral zone.
17:51 of 1st period - Shot by Mark Scheifele.
17:51 of 1st period - Shot Misses the Net.
17:59 of 1st period - Alex Pietrangelo is hit by Tanner Pearson and loses puck.
18:09 of 1st period - Icing by Chris Phillips.
18:10 of 1st period - Jonathan Toews wins face-off versus William Nylander in Maple Leafs zone.
18:10 of 1st period - Alexander Steen is hit by Chris Phillips and loses puck.
18:50 of 1st period - Shot by Brandon Yip.
18:50 of 1st period - Stopped by Michael Wall with a rebound.
19:23 of 1st period - Kevin Bieksa is hit by Evgeni Malkin and loses puck.
19:59 of 1st period - Shot by Roman Josi.
19:59 of 1st period - Stopped by Michael Wall with a rebound.
Goals for this period are 1 for Flames vs 1 for Maple Leafs.
Shots for this period are 6 for Flames vs 9 for Maple Leafs.

2nd period


0:01 of 2nd period - Jonathan Toews wins face-off versus Nazem Kadri in neutral zone.
0:14 of 2nd period - Shot by Alexander Steen.
0:14 of 2nd period - Stopped by Robert Esche with a rebound.
0:20 of 2nd period - Shot by Jonathan Toews.
0:20 of 2nd period - Deflect By Gilbert Brule.
0:20 of 2nd period - Shot Misses the Net.
2:23 of 2nd period - Shot by Mark Scheifele.
2:23 of 2nd period - Shot Misses the Net.
2:59 of 2nd period - Shot by Gilbert Brule.
2:59 of 2nd period - Shot Misses the Net.
3:45 of 2nd period - Shot by Derek Stepan.
3:45 of 2nd period - Stopped by Robert Esche without a rebound.
3:46 of 2nd period - Mark Scheifele wins face-off versus Tanner Pearson in Maple Leafs zone.
3:46 of 2nd period - Mark Scheifele is hit by Brandon Rogers.
3:52 of 2nd period - Shot by Mark Scheifele.
3:52 of 2nd period - Shot Blocked by Brandon Rogers.
4:01 of 2nd period - Mark Scheifele is hit by Brandon Rogers and loses puck.
4:08 of 2nd period - Shot by Mark Scheifele.
4:08 of 2nd period - Shot Misses the Net.
4:10 of 2nd period - Shot by Evgeni Malkin.
4:10 of 2nd period - Stopped by Robert Esche without a rebound.
4:11 of 2nd period - Vincent Trocheck wins face-off versus Joe Pavelski in Maple Leafs zone.
4:41 of 2nd period - Shot by Aleksander Barkov.
4:41 of 2nd period - Shot Misses the Net.
4:54 of 2nd period - Off-side.
4:55 of 2nd period - William Nylander wins face-off versus Jonathan Toews in neutral zone.
4:58 of 2nd period - Shot by Roman Josi.
4:58 of 2nd period - Shot Misses the Net.
5:02 of 2nd period - Shot by William Nylander.
5:02 of 2nd period - Stopped by Michael Wall without a rebound.
5:03 of 2nd period - Tanner Pearson wins face-off versus Jonathan Toews in Flames zone.
5:04 of 2nd period - Shot by William Nylander.
5:04 of 2nd period - Stopped by Michael Wall without a rebound.
5:05 of 2nd period - Jonathan Toews wins face-off versus Nazem Kadri in Flames zone.
5:30 of 2nd period - Shot by Alexander Steen.
5:30 of 2nd period - Stopped by Robert Esche without a rebound.
5:31 of 2nd period - Mark Scheifele wins face-off versus Vincent Trocheck in Maple Leafs zone.
5:36 of 2nd period - Shot by Patrik Laine.
5:36 of 2nd period - Shot Misses the Net.
5:50 of 2nd period - Shot by Mark Scheifele.
5:50 of 2nd period - Stopped by Robert Esche without a rebound.
5:51 of 2nd period - Ryan O'Reilly wins face-off versus Jonathan Toews in Maple Leafs zone.
6:01 of 2nd period - Icing by Adam Larsson.
6:02 of 2nd period - Vincent Trocheck wins face-off versus Jonathan Toews in Flames zone.
7:09 of 2nd period - Ryan O'Reilly is hit by Jonathan Toews and loses puck.
7:32 of 2nd period - Shot by Joe Pavelski.
7:32 of 2nd period - Stopped by Robert Esche with a rebound.
7:34 of 2nd period - Shot by Aleksander Barkov.
7:34 of 2nd period - Goal by Aleksander Barkov - Flames : 2 - Maple Leafs : 1.
7:35 of 2nd period - Nazem Kadri wins face-off versus Mark Scheifele in neutral zone.
7:40 of 2nd period - Shot by Brandon Yip.
7:40 of 2nd period - Shot Misses the Net.
7:42 of 2nd period - Shot by Michael Del Zotto.
7:42 of 2nd period - Shot Misses the Net.
7:44 of 2nd period - Shot by Nazem Kadri.
7:44 of 2nd period - Stopped by Michael Wall without a rebound.
7:45 of 2nd period - William Nylander wins face-off versus Aleksander Barkov in Flames zone.
9:07 of 2nd period - Shot by Nazem Kadri.
9:07 of 2nd period - Shot Blocked by Mike Green.
9:09 of 2nd period - Shot by Tom Walsh.
9:09 of 2nd period - Stopped by Michael Wall without a rebound.
9:10 of 2nd period - Vincent Trocheck wins face-off versus Jonathan Toews in Flames zone.
9:10 of 2nd period - Vincent Trocheck is hit by Adam Larsson.
9:28 of 2nd period - Shot by Alexander Steen.
9:28 of 2nd period - Stopped by Robert Esche without a rebound.
9:29 of 2nd period - Mark Scheifele wins face-off versus Ryan O'Reilly in Maple Leafs zone.
9:29 of 2nd period - Mark Scheifele is hit by Chris Phillips.
9:43 of 2nd period - Shot by Michael Grabner.
9:43 of 2nd period - Stopped by Michael Wall without a rebound.
9:44 of 2nd period - Gilbert Brule wins face-off versus Vincent Trocheck in Flames zone.
10:58 of 2nd period - Shot by Mike Green.
10:58 of 2nd period - Shot Misses the Net.
11:10 of 2nd period - Shot by Michael Grabner.
11:10 of 2nd period - Stopped by Michael Wall without a rebound.
11:11 of 2nd period - Aleksander Barkov wins face-off versus Nazem Kadri in Flames zone.
11:47 of 2nd period - Minor Penalty to Michael Del Zotto for Hooking.
11:48 of 2nd period - Evgeni Malkin wins face-off versus Nazem Kadri in Maple Leafs zone.
11:49 of 2nd period - Shot by Alex Pietrangelo.
11:49 of 2nd period - Shot Misses the Net.
11:51 of 2nd period - Shot by Alex Pietrangelo.
11:51 of 2nd period - Goal by Alex Pietrangelo - Flames : 3 - Maple Leafs : 1.
11:52 of 2nd period - Ryan O'Reilly wins face-off versus Mark Scheifele in neutral zone.
12:20 of 2nd period - Shot by Evgeni Malkin.
12:20 of 2nd period - Deflect By Patrik Laine.
12:20 of 2nd period - Goal by Patrik Laine - Flames : 4 - Maple Leafs : 1.
12:21 of 2nd period - Vincent Trocheck wins face-off versus Alexander Steen in neutral zone.
12:39 of 2nd period - Minor Penalty to Brandon Rogers for Tripping.
12:40 of 2nd period - Evgeni Malkin wins face-off versus Nazem Kadri in Maple Leafs zone.
12:41 of 2nd period - Shot by Alex Pietrangelo.
12:41 of 2nd period - Stopped by Robert Esche with a rebound.
13:04 of 2nd period - Shot by Mark Scheifele.
13:04 of 2nd period - Goal by Mark Scheifele - Flames : 5 - Maple Leafs : 1.
13:05 of 2nd period - Ryan O'Reilly wins face-off versus Aleksander Barkov in neutral zone.
13:23 of 2nd period - Shot by Ryan O'Reilly.
13:23 of 2nd period - Stopped by Michael Wall without a rebound.
13:24 of 2nd period - Nazem Kadri wins face-off versus Mark Scheifele in Flames zone.
13:33 of 2nd period - Shot by Brandon Yip.
13:33 of 2nd period - Stopped by Michael Wall without a rebound.
13:34 of 2nd period - Jonathan Toews wins face-off versus Ryan O'Reilly in Flames zone.
13:55 of 2nd period - Shot by Michael Grabner.
13:55 of 2nd period - Stopped by Michael Wall without a rebound.
13:56 of 2nd period - Mark Scheifele wins face-off versus Nazem Kadri in Flames zone.
14:03 of 2nd period - Shot by Patrik Laine.
14:03 of 2nd period - Shot Misses the Net.
14:22 of 2nd period - Shot by Mark Scheifele.
14:22 of 2nd period - Shot Misses the Net.
14:24 of 2nd period - Shot by Evgeni Malkin.
14:24 of 2nd period - Stopped by Robert Esche without a rebound.
14:25 of 2nd period - Vincent Trocheck wins face-off versus Derek Stepan in Maple Leafs zone.
14:34 of 2nd period - Icing by Adam Larsson.
14:35 of 2nd period - Derek Stepan wins face-off versus Ryan O'Reilly in Flames zone.
14:35 of 2nd period - Derek Stepan is hit by Zach Dalpe.
14:54 of 2nd period - Icing by Kevin Bieksa.
14:55 of 2nd period - Jonathan Toews wins face-off versus Ryan O'Reilly in Maple Leafs zone.
15:02 of 2nd period - Shot by Gilbert Brule.
15:02 of 2nd period - Stopped by Robert Esche with a rebound.
15:19 of 2nd period - Alexander Steen is hit by Kevin Bieksa and loses puck.
15:28 of 2nd period - Shot by Jonathan Toews.
15:28 of 2nd period - Shot Blocked by Michael Grabner.
15:30 of 2nd period - Shot by Kris Letang.
15:30 of 2nd period - Stopped by Robert Esche without a rebound.
15:31 of 2nd period - Nazem Kadri wins face-off versus Mark Scheifele in Maple Leafs zone.
17:13 of 2nd period - Aleksander Barkov is hit by Kevin Bieksa and loses puck.
17:26 of 2nd period - Shot by Joe Pavelski.
17:26 of 2nd period - Stopped by Robert Esche without a rebound.
17:27 of 2nd period - Jonathan Toews wins face-off versus William Nylander in Maple Leafs zone.
17:54 of 2nd period - Shot by Oleg Kvasha.
17:54 of 2nd period - Shot Misses the Net.
17:56 of 2nd period - Shot by Oleg Kvasha.
17:56 of 2nd period - Deflect By Tanner Pearson.
17:56 of 2nd period - Stopped by Michael Wall with a rebound.
17:58 of 2nd period - Shot by Oleg Kvasha.
17:58 of 2nd period - Shot Misses the Net.
18:00 of 2nd period - Shot by Brandon Rogers.
18:00 of 2nd period - Shot Misses the Net.
18:02 of 2nd period - Shot by Oleg Kvasha.
18:02 of 2nd period - Stopped by Michael Wall without a rebound.
18:03 of 2nd period - Shawn Weller wins face-off versus Aleksander Barkov in Flames zone.
18:06 of 2nd period - Shot by Shawn Weller.
18:06 of 2nd period - Stopped by Michael Wall without a rebound.
18:07 of 2nd period - Nazem Kadri wins face-off versus Aleksander Barkov in Flames zone.
18:16 of 2nd period - Shot by Nazem Kadri.
18:16 of 2nd period - Shot Blocked by Jacob Trouba.
18:20 of 2nd period - Shot by Brandon Yip.
18:20 of 2nd period - Shot Misses the Net.
18:32 of 2nd period - Adam Larsson is hit by Brandon Yip and loses puck.
18:40 of 2nd period - Nazem Kadri is hit by Jacob Trouba and loses puck.
18:47 of 2nd period - Shot by Shawn Weller.
18:47 of 2nd period - Shot Misses the Net.
19:15 of 2nd period - Shot by Tom Walsh.
19:15 of 2nd period - Stopped by Michael Wall with a rebound.
19:45 of 2nd period - Minor Penalty to Kevin Bieksa for Hooking.
19:46 of 2nd period - Evgeni Malkin wins face-off versus Nazem Kadri in Maple Leafs zone.
Goals for this period are 4 for Flames vs 0 for Maple Leafs.
Shots for this period are 16 for Flames vs 13 for Maple Leafs.

3rd period


0:01 of 3rd period - Jonathan Toews wins face-off versus Nazem Kadri in neutral zone.
0:04 of 3rd period - Roman Josi is hit by Alexander Steen and loses puck.
0:09 of 3rd period - Shot by Kris Letang.
0:09 of 3rd period - Stopped by Robert Esche without a rebound.
0:10 of 3rd period - Nazem Kadri wins face-off versus Derek Stepan in Maple Leafs zone.
0:20 of 3rd period - Jonathan Toews is hit by Michael Del Zotto and loses puck.
0:40 of 3rd period - Shot by Jonathan Toews.
0:40 of 3rd period - Deflect By Derek Stepan.
0:40 of 3rd period - Shot Misses the Net.
0:42 of 3rd period - Shot by Alexander Steen.
0:42 of 3rd period - Shot Misses the Net.
1:42 of 3rd period - Shot by Mark Scheifele.
1:42 of 3rd period - Stopped by Robert Esche with a rebound.
1:44 of 3rd period - Shot by Mike Green.
1:44 of 3rd period - Shot Blocked by Michael Del Zotto.
1:46 of 3rd period - Shot by Aleksander Barkov.
1:46 of 3rd period - Stopped by Robert Esche with a rebound.
1:48 of 3rd period - Shot by Gilbert Brule.
1:48 of 3rd period - Shot Misses the Net.
1:58 of 3rd period - Shot by Aleksander Barkov.
1:58 of 3rd period - Deflect By Joe Pavelski.
1:58 of 3rd period - Stopped by Robert Esche with a rebound.
2:00 of 3rd period - Shot by Adam Larsson.
2:00 of 3rd period - Shot Blocked by Vincent Trocheck.
2:24 of 3rd period - Kevin Bieksa is hit by Joe Pavelski.
2:31 of 3rd period - Aleksander Barkov is hit by Kevin Bieksa and loses puck.
3:16 of 3rd period - Michael Grabner is hit by Evgeni Malkin and loses puck.
3:30 of 3rd period - Roman Josi is hit by Oliver Ekman-Larsson and loses puck.
3:37 of 3rd period - Shot by Alexander Steen.
3:37 of 3rd period - Stopped by Robert Esche without a rebound.
3:38 of 3rd period - Nazem Kadri wins face-off versus Aleksander Barkov in Maple Leafs zone.
3:38 of 3rd period - Nazem Kadri is hit by Derek Stepan.
4:05 of 3rd period - Off-side.
4:06 of 3rd period - William Nylander wins face-off versus Jonathan Toews in neutral zone.
5:32 of 3rd period - Shot by Pierre-Marc Bouchard.
5:32 of 3rd period - Stopped by Michael Wall with a rebound.
5:37 of 3rd period - Minor Penalty to Shawn Weller for Tripping.
5:38 of 3rd period - Nazem Kadri wins face-off versus Mark Scheifele in Maple Leafs zone.
5:47 of 3rd period - Shot by Kris Letang.
5:47 of 3rd period - Stopped by Robert Esche with a rebound.
5:49 of 3rd period - Shot by Evgeni Malkin.
5:49 of 3rd period - Shot Misses the Net.
7:44 of 3rd period - Shot by Joe Pavelski.
7:44 of 3rd period - Shot Misses the Net.
7:51 of 3rd period - Icing by Brandon Rogers.
7:52 of 3rd period - Ryan O'Reilly wins face-off versus Aleksander Barkov in Maple Leafs zone.
8:08 of 3rd period - Shot by Jacob Trouba.
8:08 of 3rd period - Shot Misses the Net.
8:10 of 3rd period - Shot by Adam Larsson.
8:10 of 3rd period - Shot Blocked by Brandon Rogers.
8:25 of 3rd period - Icing by Jacob Trouba.
8:26 of 3rd period - Aleksander Barkov wins face-off versus Vincent Trocheck in Flames zone.
8:32 of 3rd period - Pierre-Marc Bouchard is hit by Adam Larsson and loses puck.
9:17 of 3rd period - Shot by Alexander Steen.
9:17 of 3rd period - Stopped by Robert Esche without a rebound.
9:18 of 3rd period - Brandon Yip wins face-off versus Mark Scheifele in Maple Leafs zone.
9:53 of 3rd period - Shot by Chris Phillips.
9:53 of 3rd period - Shot Misses the Net.
9:55 of 3rd period - Shot by Chris Phillips.
9:55 of 3rd period - Stopped by Michael Wall without a rebound.
9:56 of 3rd period - Jonathan Toews wins face-off versus Ryan O'Reilly in Flames zone.
9:58 of 3rd period - Icing by Mike Green.
9:59 of 3rd period - Ryan O'Reilly wins face-off versus Jonathan Toews in Flames zone.
10:09 of 3rd period - Kris Letang is hit by Brandon Rogers and loses puck.
10:14 of 3rd period - Shot by Alexander Steen.
10:14 of 3rd period - Shot Misses the Net.
11:34 of 3rd period - Shot by Nazem Kadri.
11:34 of 3rd period - Shot Misses the Net.
11:36 of 3rd period - Shot by Michael Del Zotto.
11:36 of 3rd period - Stopped by Michael Wall without a rebound.
11:37 of 3rd period - Aleksander Barkov wins face-off versus Vincent Trocheck in Flames zone.
11:37 of 3rd period - Adam Larsson is hit by Vincent Trocheck and loses puck.
11:53 of 3rd period - Shot by Derek Stepan.
11:53 of 3rd period - Shot Misses the Net.
11:55 of 3rd period - Shot by Derek Stepan.
11:55 of 3rd period - Shot Misses the Net.
11:57 of 3rd period - Shot by Adam Larsson.
11:57 of 3rd period - Stopped by Robert Esche without a rebound.
11:58 of 3rd period - Jonathan Toews wins face-off versus William Nylander in Maple Leafs zone.
12:05 of 3rd period - Shot by Kris Letang.
12:05 of 3rd period - Shot Misses the Net.
12:07 of 3rd period - Shot by Gilbert Brule.
12:07 of 3rd period - Stopped by Robert Esche without a rebound.
12:08 of 3rd period - Nazem Kadri wins face-off versus Aleksander Barkov in Maple Leafs zone.
12:15 of 3rd period - Shot by Aleksander Barkov.
12:15 of 3rd period - Shot Misses the Net.
12:25 of 3rd period - Shot by Aleksander Barkov.
12:25 of 3rd period - Shot Blocked by Shawn Weller.
12:30 of 3rd period - Icing by Nazem Kadri.
12:31 of 3rd period - Mark Scheifele wins face-off versus Brandon Yip in Maple Leafs zone.
12:36 of 3rd period - Shot by Mark Scheifele.
12:36 of 3rd period - Stopped by Robert Esche without a rebound.
12:37 of 3rd period - Mark Scheifele wins face-off versus Ryan O'Reilly in Maple Leafs zone.
12:57 of 3rd period - Off-side.
12:58 of 3rd period - Jonathan Toews wins face-off versus Nazem Kadri in neutral zone.
13:00 of 3rd period - Gilbert Brule is hit by Michael Del Zotto and loses puck.
13:08 of 3rd period - Jonathan Toews is hit by Chris Phillips and loses puck.
13:11 of 3rd period - Shot by Alexander Steen.
13:11 of 3rd period - Shot Misses the Net.
13:13 of 3rd period - Shot by Alex Pietrangelo.
13:13 of 3rd period - Stopped by Robert Esche without a rebound.
13:14 of 3rd period - Ryan O'Reilly wins face-off versus Mark Scheifele in Maple Leafs zone.
13:23 of 3rd period - Shot by Ryan O'Reilly.
13:23 of 3rd period - Stopped by Michael Wall with a rebound.
14:21 of 3rd period - Shot by Jonathan Toews.
14:21 of 3rd period - Stopped by Robert Esche with a rebound.
14:57 of 3rd period - Shot by Brandon Yip.
14:57 of 3rd period - Shot Misses the Net.
15:08 of 3rd period - Icing by Alexander Steen.
15:09 of 3rd period - Jonathan Toews wins face-off versus Vincent Trocheck in Flames zone.
15:09 of 3rd period - Jonathan Toews is hit by Vincent Trocheck.
15:12 of 3rd period - Icing by Alexander Steen.
15:13 of 3rd period - Jonathan Toews wins face-off versus Vincent Trocheck in Flames zone.
15:51 of 3rd period - Shot by Riley Armstrong.
15:51 of 3rd period - Shot Misses the Net.
15:53 of 3rd period - Shot by Vincent Trocheck.
15:53 of 3rd period - Shot Misses the Net.
16:02 of 3rd period - Icing by Oliver Ekman-Larsson.
16:03 of 3rd period - Ryan O'Reilly wins face-off versus Jonathan Toews in Flames zone.
16:10 of 3rd period - Shot by Michael Grabner.
16:10 of 3rd period - Stopped by Michael Wall without a rebound.
16:11 of 3rd period - Nazem Kadri wins face-off versus Mark Scheifele in Flames zone.
16:11 of 3rd period - Brandon Yip is hit by Kris Letang and loses puck.
16:22 of 3rd period - Shot by Shawn Weller.
16:22 of 3rd period - Shot Misses the Net.
16:42 of 3rd period - Shot by Nazem Kadri.
16:42 of 3rd period - Shot Misses the Net.
18:47 of 3rd period - Mike Green is hit by Vincent Trocheck.
19:01 of 3rd period - Kris Letang is hit by Vincent Trocheck and loses puck.
19:23 of 3rd period - Icing by Kris Letang.
19:24 of 3rd period - William Nylander wins face-off versus Jonathan Toews in Flames zone.
19:50 of 3rd period - Icing by Adam Larsson.
19:51 of 3rd period - Aleksander Barkov wins face-off versus Nazem Kadri in Flames zone.
19:51 of 3rd period - Joe Pavelski is hit by Shawn Weller and loses puck.
19:56 of 3rd period - Shot by Shawn Weller.
19:56 of 3rd period - Stopped by Michael Wall without a rebound.
19:57 of 3rd period - Nazem Kadri wins face-off versus Mark Scheifele in Flames zone.
19:57 of 3rd period - Shawn Weller is hit by Adam Larsson and loses puck.
Goals for this period are 0 for Flames vs 0 for Maple Leafs.
Shots for this period are 12 for Flames vs 6 for Maple Leafs.